 Dungeon Crawl Stone Soup version 0.24.0-125-gc4c63601f3 (webtiles) character file.

Game seed: 8086207389462652982, levelgen mode: deterministic

16156 CollectiveS the Geomancer (level 11, 0/74 HPs)
             Began as a Demigod Earth Elementalist on Mar 10, 2020.
             Slain by a meliai zombie (3 damage)
             ... on level 13 of the Dungeon on Mar 22, 2020.
             The game lasted 01:43:39 (13574 turns).

CollectiveS the Geomancer (DgEE)                   Turns: 13574, Time: 01:43:40

Health: 0/74       AC:  6    Str: 11    XL:     11   Next: 77%
Magic:  16/29      EV: 12    Int: 25    God:
Gold:   781        SH:  0    Dex: 16    Spells: 6/29 levels left

rFire    . . .     SeeInvis +   v - +1 whip (flame)
rCold    . . .     Gourm    .   (no shield)
rNeg     . . .     Faith    .   c - +0 robe
rPois    .         Spirit   .   y - +0 helmet
rElec    .         Reflect  .   r - +0 cloak
rCorr    .         Harm     .   z - +0 pair of gloves
MR       +....                  a - +0 pair of boots
Stlth    +++.......             (no amulet)
HPRegen  0.22/turn              t - ring of stealth
MPRegen  0.21/turn              x - ring of see invisible

@: no status effects
A: high mp 1
a: no special abilities


You were on level 13 of the Dungeon.
You were not hungry.

You visited 1 branch of the dungeon, and saw 13 of its levels.

You collected 781 gold pieces.

Inventory:

Hand Weapons
 u - the +3 dagger "Piogian" {antimagic, rElec rF- Str+2 Int+4}
   (You took it off an orc on level 7 of the Dungeon)

   It reduces the magical energy of the wielder, and disrupts the spells and
   magical abilities of those hit.
   Natural abilities and divine invocations are not affected.
   It affects your strength (+2).
   It affects your intelligence (+4).
   It makes you vulnerable to fire.
   It insulates you from electricity.
 v - a +1 whip of flaming (weapon)
 O - the +1 hunting sling of Wiwoenn {flame, *Corrode rPois Str+2 Int+5}
   (You found it on level 11 of the Dungeon)

   It causes projectiles fired from it to burn those they strike, causing extra
   injury to most foes and up to half again as much damage against particularly
   susceptible opponents.
   It affects your strength (+2).
   It affects your intelligence (+5).
   It protects you from poison.
   It may corrode you when you take damage.
Missiles
 b - 190 stones (quivered)
 m - 94 arrows
Armour
 a - a +0 pair of boots (worn)
 c - a +0 robe (worn)
 r - a +0 cloak (worn)
 y - a +0 helmet (worn)
 z - a +0 pair of gloves (worn)
 F - a +1 hat
Jewellery
 n - a +3 ring of strength
 t - a ring of stealth (left hand)
 x - a ring of see invisible (right hand)
Wands
 l - a wand of paralysis (15)
 w - a wand of scattershot (11)
 L - a wand of iceblast (11)
Scrolls
 g - 2 scrolls of fear
 h - 2 scrolls of fog
 i - 4 scrolls of identify
 j - 13 scrolls of teleportation
 p - 9 scrolls of remove curse
 C - 2 scrolls of immolation
 E - a scroll of brand weapon {unknown}
 I - 3 scrolls of magic mapping
 K - 2 scrolls of enchant armour {unknown}
 M - a scroll of vulnerability {unknown}
 Q - a scroll of enchant weapon {unknown}
Potions
 e - 2 potions of invisibility {unknown}
 k - 2 potions of flight
 o - a potion of heal wounds {unknown}
 q - 3 potions of mutation
 s - 5 potions of curing
 A - a potion of agility {unknown}
 B - 2 potions of berserk rage
 G - 3 potions of haste {unknown}
 H - a potion of cancellation
 J - a potion of ambrosia {unknown}
 N - a potion of degeneration {unknown}
 P - a potion of resistance
Comestibles
 d - 11 rations


   Skills:
 - Level 1.7 Dodging
 - Level 1.7 Stealth
 + Level 9.7 Spellcasting
 * Level 7.3 Conjurations
 + Level 0.8 Transmutations
 * Level 5.8 Fire Magic
 + Level 11.8 Earth Magic
 + Level 0.4 Evocations


You had 6 spell levels left.
You knew the following spells:

 Your Spells              Type           Power        Failure   Level  Hunger
a - Sandblast             Erth           ######       1%          1    None
b - Stone Arrow           Conj/Erth      ######       1%          3    None
c - Passwall              Tmut/Erth      #####...     1%          2    None
d - Lee's Rapid Deconstr  Erth           ######....   1%          5    ####...
e - Conjure Flame         Conj/Fire      #####...     1%          3    None
f - Sticky Flame          Conj/Fire      #####...     3%          4    #......
g - Fireball              Conj/Fire      #####.....   10%         5    ####...

Your spell library contained the following spells:

 Spells                   Type           Power        Failure   Level  Hunger
 Flame Tongue             Conj/Fire      #####        1%          1    None
 Magic Dart               Conj           ####         1%          1    None
 Shock                    Conj/Air       ####         1%          1    None
 Throw Flame              Conj/Fire      #####.       1%          2    None
 Static Discharge         Conj/Air       ####....     3%          3    None
 Petrify                  Tmut/Erth      #####...     3%          4    #......
 Inner Flame              Hex/Fire       ####....     4%          3    None
 Mephitic Cloud           Conj/Pois/Air  ###.....     5%          3    None
 Blink                    Tloc           N/A          8%          2    None
 Call Imp                 Summ           ##......     8%          2    None
 Slow                     Hex            ##......     8%          2    None
 Swiftness                Chrm/Air       ##......     8%          2    None
 Lightning Bolt           Conj/Air       ####......   30%         5    ####...
 Airstrike                Air            ##........   45%         4    #......


Dungeon Overview and Level Annotations

Branches:
Dungeon (13/15)            Temple (0/1) D:4            Lair (0/6) D:11
    Orc (0/2) D:9
 Vaults: D:13-14

Portals:
Trove: D:11 (give 7 scrolls of blinking)

Annotations:
D:3 exclusions: eye of draining and 2 kobolds
D:9 Gastronok, Joseph
D:12 3 runed translucent doors, mumohan's ghost, journeyman OpFi


Innate Abilities, Weirdness & Mutations

You have an increased reservoir of magic. (+10% MP)


Message History

* * * LOW HITPOINT WARNING * * *
The meliai zombie burns!
The centaur warrior zombie burns!
You destroy the centaur warrior zombie!
The meliai zombie barely misses you.
The meliai zombie hits you but does no damage.
The meliai zombie burns!
The meliai zombie hits you.
* * * LOW HITPOINT WARNING * * *
The meliai zombie hits you.
* * * LOW HITPOINT WARNING * * *
The meliai zombie burns!
The meliai zombie closely misses you.
The meliai zombie hits you but does no damage.
The meliai zombie burns!
The meliai zombie burns!
The meliai zombie closely misses you. The meliai zombie hits you.
* * * LOW HITPOINT WARNING * * *
The bullfrog skeleton misses you.
The meliai zombie burns!
The meliai zombie hits you.
* * * LOW HITPOINT WARNING * * *
The meliai zombie hits you.
You die...

#....)....<.(.#.##.....
###...........#.#......
##...........#........
#.................#
#.............(...###.#
##......................
#.........[...........## #.
#.........F...........#
!#J.##.......@Z...........##
...?$#........Z.............
..###....................#
...J##©.........K.........##
...###.........##..........##
...$J#.........##............
.#.J##.........##.........#
#.##...........#.........#
###...........[.####..####


You could see a big kobold, a bullfrog, a meliai zombie (burning) and a bullfrog
skeleton.

Vanquished Creatures
  A hydra (D:13)
  2 two-headed ogres
  2 unseen horrors (D:10)
  Pikel (D:8)
  An ugly thing (D:11)
  2 cyclopes
  A freezing wraith (D:12)
  3 trolls
  2 hornets (D:10)
  Grinder (D:6)
  5 hippogriffs
  A shadow (D:11)
  A wyvern (D:10)
  6 yaks (D:8)
  A wraith (D:10)
  A human (D:9)
  2 basilisks (D:11)
  2 hungry ghosts (D:7)
  3 porcupines (D:11)
  3 black bears
  4 ice beasts
  A hornet zombie (D:6)
  5 orc warriors
  2 slaves (D:8)
  3 ogres
  A necrophage (D:11)
  4 phantoms
  4 sky beasts
  2 wolves (D:11)
  2 centaurs
  3 crocodiles (D:11)
  A big kobold (D:9)
  7 bullfrogs
  A wyvern skeleton (D:11)
  6 scorpions
  5 killer bees (D:13)
  15 wights
  An electric eel (D:6)
  A howler monkey (D:9)
  A quasit (D:13)
  2 centaur zombies
  9 crimson imps
  2 bullfrog zombies (D:11)
  2 jellies
  5 hounds
  9 orc priests
  3 bullfrog skeletons
  A gnoll shaman (D:8)
  6 iguanas
  12 orc wizards
  10 worker ants
  A hound zombie (D:11)
  2 hound skeletons
  3 gnolls (D:8)
  11 adders
  A howler monkey skeleton (D:11)
  A shadow imp (D:12)
  An adder zombie (D:5)
  3 worms
  3 leopard geckos
  40 orcs
  A bat (D:2)
  7 giant cockroaches
  8 goblins
  8 hobgoblins
  10 kobolds
  4 quokkas
  A ball python (D:2)
  4 frilled lizards
  A giant cockroach zombie (D:5)
  A jackal skeleton (D:5)
  A quokka skeleton (D:9)
  A quokka zombie (D:6)
  9 rats
293 creatures vanquished.

Vanquished Creatures (others)
  A bush (D:11)
  3 fungi (D:11)
  7 plants
11 creatures vanquished.

Grand Total: 304 creatures vanquished

Notes
Turn   | Place    | Note
-------+----------+-------------------------------------------
     0 | D:1      | CollectiveS the Demigod Earth Elementalist began the quest
                  | for the Orb.
     0 | D:1      | Reached XP level 1. HP: 14/14 MP: 5/5
   140 | D:1      | Reached skill level 3 in Earth Magic
   274 | D:1      | Reached XP level 2. HP: 3/20 MP: 5/7
  1371 | D:2      | Reached XP level 3. HP: 24/26 MP: 5/8
  1376 | D:2      | Learned a level 3 spell: Stone Arrow
  1945 | D:2      | Reached skill level 4 in Earth Magic
  2130 | D:3      | Found a bloodstained altar of Trog.
  2130 | D:3      | Noticed an eye of draining
  2152 | D:3      | Noticed Sigmund
  2391 | D:3      | Found an ancient bone altar of Kikubaaqudgha.
  2542 | D:3      | You fall into a shaft and drop 1 floor!
  2552 | D:4      | Reached XP level 4. HP: 33/33 MP: 6/10
  2616 | D:4      | Found a staircase to the Ecumenical Temple.
  2733 | D:4      | Found a glowing golden altar of the Shining One.
  2844 | D:4      | Reached XP level 5. HP: 38/38 MP: 9/12
  2990 | D:4      | You fall into a shaft and drop 1 floor!
  2990 | D:5      | Entered Level 5 of the Dungeon
  3211 | D:5      | Reached skill level 1 in Conjurations
  3228 | D:5      | Noticed an ice beast
  3327 | D:5      | Reached skill level 5 in Earth Magic
  3379 | D:5      | Reached XP level 6. HP: 38/45 MP: 10/14
  3474 | D:5      | Found a shimmering altar of Xom.
  4196 | D:5      | Learned a level 2 spell: Passwall
  4202 | D:5      | Learned a level 5 spell: Lee's Rapid Deconstruction
  4868 | D:6      | Found a sacrificial altar of Ru.
  4996 | D:6      | Noticed Grinder
  5011 | D:6      | Killed Grinder
  5011 | D:6      | Reached skill level 6 in Earth Magic
  5011 | D:6      | Reached XP level 7. HP: 50/50 MP: 7/17
  5080 | D:6      | Found a blossoming altar of Fedhas.
  5114 | D:6      | Reached skill level 7 in Earth Magic
  5441 | D:6      | Reached skill level 5 in Spellcasting
  5441 | D:6      | Reached XP level 8. HP: 57/57 MP: 2/19
  5968 | D:7      | Reached skill level 8 in Earth Magic
  6022 | D:7      | Learned a level 3 spell: Conjure Flame
  6529 | D:7      | Identified the +3 dagger "Piogian" {antimagic, rElec rF-
                  | Str+2 Int+4}
  6759 | D:8      | Noticed a two-headed ogre
  6767 | D:8      | Killed a two-headed ogre
  6767 | D:8      | Reached skill level 1 in Fire Magic
  6767 | D:8      | Reached skill level 9 in Earth Magic
  6767 | D:8      | Reached XP level 9. HP: 62/62 MP: 0/22
  6967 | D:8      | Reached skill level 10 in Earth Magic
  7150 | D:8      | Found a glowing silver altar of Zin.
  7151 | D:8      | Found an opulent altar of Gozag.
  7411 | D:8      | Noticed Pikel
  7492 | D:8      | Killed Pikel
  7521 | D:8      | Reached XP level 10. HP: 69/69 MP: 11/24
  7765 | D:9      | Noticed Gastronok
  7798 | D:9      | Noticed Joseph
  7935 | D:9      | Learned a level 4 spell: Sticky Flame
  8025 | D:9      | Found a staircase to the Orcish Mines.
  8047 | D:9      | Found a roughly hewn altar of Beogh.
  8153 | D:9      | Found a burning altar of Makhleb.
  8207 | D:9      | Found a bloodstained altar of Trog.
  8900 | D:10     | Entered Level 10 of the Dungeon
  8907 | D:10     | Noticed a two-headed ogre
  8948 | D:10     | Reached skill level 5 in Conjurations
  9146 | D:10     | Killed a two-headed ogre
  9226 | D:10     | Found a runed translucent door.
  9227 | D:10     | Noticed an unseen horror
  9582 | D:10     | Noticed an unseen horror
 10152 | D:10     | Killed an unseen horror
 10152 | D:10     | Reached skill level 11 in Earth Magic
 10703 | D:11     | Reached XP level 11. HP: 59/74 MP: 8/27
 11093 | D:11     | Found a staircase to the Lair.
 11247 | D:11     | Reached skill level 5 in Fire Magic
 11429 | D:11     | Got a dazzling hunting sling
 11566 | D:11     | Found a portal to a secret trove of treasure.
 11610 | D:11     | Identified the +1 hunting sling of Wiwoenn {flame, *Corrode
                  | rPois Str+2 Int+5} (You found it on level 11 of the
                  | Dungeon)
 11899 | D:12     | Found a runed translucent gate.
 11899 | D:12     | Found a runed translucent gate.
 11899 | D:12     | Noticed a ten-headed hydra
 11899 | D:12     | Noticed mumohan's ghost (journeyman OpFi)
 11900 | D:12     | Found a runed translucent gate.
 12664 | D:10     | Learned a level 5 spell: Fireball
 12676 | D:10     | Killed an unseen horror
 12933 | D:13     | Noticed a six-headed hydra
 12943 | D:13     | Killed a six-headed hydra
 13066 | D:13     | Noticed a death knight
 13545 | D:13     | Noticed a vault guard
 13550 | D:13     | Noticed a vault guard
 13574 | D:13     | HP: 3/74 [meliai zombie (4)]
 13574 | D:13     | Slain by a meliai zombie

Levels and vault maps discovered:
D:1:      lightli_arrival_maybe_door_vault, layout_rooms
D:2:      layout_basic, serial_co_window_serial, co_window_paths_b,
          co_window_corner_a, co_window_of_opportunity_a,
          co_window_of_opportunity_a, co_window_corner_a,
          co_window_unsneaky_path_e, co_window_of_opportunity_c,
          co_window_of_opportunity_b, co_window_of_opportunity_b,
          co_window_4corner_b, glass_columns_a, glass_columns_b,
          glass_columns_a, glass_columns_b
D:3:      layout_basic, overflow_temple_1_default, trog_eyes_of_draining,
          uniq_sigmund
D:4:      layout_rooms, temple_fountains, nicolae_tso_carved_into_rock
D:5:      layout_layer_cave, basic_altar, first_ration
D:6:      layout_loops_cross, nicolae_ru_awakened_eye, minivault_4,
          fedhas_ov_isle_minmay, uniq_grinder
D:7:      layout_loops_ring, chequers_serial_rivers_large_b
D:8:      layout_basic, grunt_temple_overflow_gold_and_silver, uniq_pikel
D:9:      layout_long_grid, lemuel_crystal_altar, kennysheep_mini,
          minmay_orc_entry_temple_small, grunt_pizzeria, uniq_gastronok,
          uniq_joseph
D:10:     layout_basic, minmay_st_funbox
D:11:     layout_rooms, minmay_lair_entry_grove, gauntlet_entry_generic,
          trove_entry_hex_spiral
D:12:     layout_long_grid, gammafunk_ghost_hydra_chop
D:13:     gammafunk_jiyva_shrine, layout_rooms,
          lightli_vaults_fourway_checkpoint, kennysheep_nub,
          kennysheep_generic_room_3

Skill      XL: |  1  2  3  4  5  6  7  8  9 10 11 |
---------------+----------------------------------+-----
Earth Magic    | 3 4 5 6 7 9 10 11 | 11.8
Spellcasting   | 2 3 4 5 6 7 8 9 |  9.7
Conjurations   | 1 2 4 6 7 |  7.3
Fire Magic     | 1 2 4 5 |  5.8
Dodging        | |  1.7
Stealth        | |  1.7
Transmutations | |  0.8
Evocations     | |  0.4

Action                   |  1- 3 |  4- 6 |  7- 9 | 10-12 || total
-------------------------+-------+-------+-------+-------++-------
Melee: Club              |    72 |     9 |       |       ||    81
       Whip              |       |    50 |    14 |    40 ||   104
 Cast: Sandblast         |    43 |    63 |    79 |   113 ||   298
       Stone Arrow       |     3 |       |    17 |    98 ||   118
       Lee's Rapid Decon |       |     2 |    24 |    22 ||    48
       Sticky Flame      |       |       |       |    21 ||    21
       Fireball          |       |       |       |     3 ||     3
Evoke: Wand              |       |       |       |     6 ||     6
  Use: Scroll            |     2 |    11 |     3 |     3 ||    19
       Potion            |     1 |     4 |       |       ||     5
 Stab: Sleeping          |     4 |     3 |       |     1 ||     8
       Distracted        |       |     1 |       |       ||     1
  Eat: Chunk             |     3 |     4 |     9 |    17 ||    33
       Ration            |     1 |     1 |     2 |     2 ||     6
Armor: Leather armour    |    11 |       |       |       ||    11
       Robe              |       |    18 |     6 |    30 ||    54
Dodge: Dodged            |    65 |    54 |    19 |    89 ||   227
